 Dungeon Crawl Stone Soup version 0.29.1-2-gbd0b4ee654 (webtiles) character file.

Game seed: 12963078549216596278

9343 Gabide the Nimble (level 11, 0/71 HPs)
             Began as a Tengu Monk on Nov 22, 2022.
             Was an Elder of Cheibriados.
             Killed from afar by a catoblepas (1 damage)
             ... with a blast of calcifying dust
             ... on level 1 of the Lair of Beasts.
             The game lasted 00:15:34 (12210 turns).

Gabide the Nimble (Tengu Monk)                     Turns: 12210, Time: 00:15:34

Health: 0/71       AC:  9    Str: 22    XL:     11   Next: 45%
Magic:  9/12       EV: 33    Int: 21    God:    Cheibriados [****..]
Gold:   498        SH:  0    Dex: 30    Spells: 10/10 levels left

rFire   . . .      SeeInvis .   N - +3 great sword (freeze)
rCold   + . .      Faith    .   (shield currently unavailable)
rNeg    . . .      Spirit   .   b - +0 robe
rPois   .          Reflect  .   B - +2 hat
rElec   .          Harm     .   G - +1 cloak
rCorr   .          Rampage  .   z - +2 pair of gloves
Will    .....                   (boots unavailable)
Stlth   +++.......              (no amulet)
HPRegen 0.21/turn               w - ring of protection from cold
MPRegen 0.13/turn               j - +4 ring of slaying

@: flying quickly and evasively, very slow
A: beak, talons 3, nimble flight
a: Renounce Religion, Bend Time, Temporal Distortion, Slouch


You were on level 1 of the Lair of Beasts.
You worshipped Cheibriados.
Cheibriados was greatly pleased with you.
You visited 3 branches of the dungeon, and saw 12 of its levels.

You collected 498 gold pieces.

Inventory:

Hand Weapons
 f - the +12 whip of the Hundredfold Tales {flame, rElec Str+5}
   (You took it off an orc wizard on level 6 of the Dungeon)

   It burns those it strikes, dealing additional fire damage.
   Str:       It affects your strength (+5).
   rElec:     It insulates you from electricity.
 p - a +2 short sword of electrocution
 N - a +3 great sword of freezing (weapon)
Missiles
 r - 10 boomerangs (quivered)
 J - a curare-tipped dart
Armour
 b - a +0 robe (worn)
 z - a +2 pair of gloves (worn)
 B - a +2 hat (worn)
 C - a scarf of resistance
 G - a +1 cloak (worn)
Jewellery
 j - a +4 ring of slaying (right hand)
 k - a ring of resist corrosion
 w - a ring of protection from cold (left hand)
Wands
 A - a wand of roots (25)
 F - a wand of polymorph (8)
Scrolls
 a - a scroll of enchant armour
 g - 2 scrolls of enchant weapon {unknown}
 h - 7 scrolls of amnesia
 i - 3 scrolls of vulnerability
 x - a scroll of magic mapping
 y - 4 scrolls of teleportation
 D - 4 scrolls of immolation
Potions
 c - 3 potions of berserk rage
 d - 2 potions of attraction
 e - a potion of invisibility {unknown}
 l - a potion of curing
 m - a potion of haste {unknown}
 n - 2 potions of cancellation
 q - 6 potions of heal wounds
 s - a potion of brilliance {unknown}
 t - 2 potions of mutation
 E - 2 potions of lignification {unknown}
 H - a potion of ambrosia
 I - a potion of degeneration {unknown}
 K - a potion of magic {unknown}


   Skills:
 + Level 9.4 Fighting
 + Level 10.2 Long Blades
 * Level 13.9 Dodging
 - Level 2.0 Stealth


You had 10 spell levels left.
You didn't know any spells.
Your spell library contained the following spells:

 Spells                   Type           Power      Damage    Failure   Level
 Sandblast                Erth           0%         2d4       19%         1
 Passwall                 Tmut/Erth      0%         N/A       26%         2
 Ignite Poison            Fire/Tmut/Pois 0%         N/A       47%         3
 Mephitic Cloud           Conj/Pois/Air  0%         N/A       47%         3
 Ozocubu's Armour         Ice            0%         N/A       47%         3
 Stone Arrow              Conj/Erth      0%         3d7       47%         3
 Animate Dead             Necr           0%         N/A       87%         4
 Passage of Golubria      Tloc           0%         N/A       87%         4
 Borgnjor's Vile Clutch   Necr/Erth      0%         N/A       99%         5
 Freezing Cloud           Conj/Ice/Air   0%         6-21      99%         5
 Death Channel            Necr           0%         N/A       100%        6
 Ozocubu's Refrigeration  Ice            0%         4d7       100%        7


Dungeon Overview and Level Annotations

Branches:
Dungeon (10/15)            Temple (1/1) D:6            Lair (1/5) D:10
    Orc (0/2) D:10

Altars:
Ashenzari
Cheibriados
Dithmenos
Elyvilon
Fedhas
Gozag
Hepliaklqana
Kikubaaqudgha
Makhleb
Nemelex Xobeh
Okawaru
Qazlal
Ru
Sif Muna
Trog
Uskayaw
Vehumet
Wu Jian
Xom
Yredelemnul
Zin
The Shining One

Shops:
D:2 *


Innate Abilities, Weirdness & Mutations

You have a beak for a mouth.
You have claws for feet.
Your magical nature lets you fly swiftly and evasively.


Message History

The catoblepas gores you but does no damage.
The catoblepas gores you!!
* * * LOW HITPOINT WARNING * * *
The catoblepas gores you!!
* * * LOW HITPOINT WARNING * * *
You turn to flesh and can move again.
As you read the scroll of fear, it crumbles to dust.
You assume a fearsome visage.
The yak looks frightened! x4
The water moccasin looks frightened!
The catoblepas resists with almost no effort.
The catoblepas completely misses you.
The catoblepas attacks as you move away!
The catoblepas completely misses you.
The yak is no longer petrified.
The catoblepas breathes a plume of calcifying dust at you.
The blast of calcifying dust hits you but does no damage.
The catoblepas attacks as you move away!
The catoblepas misses you.
The catoblepas breathes a plume of calcifying dust at you.
The blast of calcifying dust hits you but does no damage.
The flow of time bends around you.
The catoblepas easily resists.
The yak is no longer petrified.
The catoblepas closely misses you.
Throw: 2 darts (curare)
Press: ? - help, Shift-Dir - straight line, f - catoblepas
Aim: a catoblepas (92% to hit)
You throw a curare-tipped dart.
The curare-tipped dart hits the catoblepas.
The catoblepas is poisoned.
The catoblepas convulses.
The catoblepas seems to slow down.
The catoblepas is lightly wounded.
The yak is no longer petrified.
The yak seems to regain its courage.
The catoblepas breathes a plume of calcifying dust at you.
The blast of calcifying dust hits you.
* * * LOW HITPOINT WARNING * * *
Okay, then.
Unknown command.
Unknown command.
The yak seems to regain its courage. x2
The catoblepas breathes a plume of calcifying dust at you.
The blast of calcifying dust hits you.
You die...

#........#
#.......## #.......#
##.......#
#........#
##.......#
##.......#
#..§.....#
##..§@...#
#§§§§Y..####.###
...................
...........Y..Y.....
....................
.............Y......
.....>..............
..[.........?.......
...................


You could see a catoblepas (very poisoned, slow) and 3 yaks.

Vanquished Creatures
  3 two-headed ogres
  An orange crystal statue (D:9)
  An ugly thing (D:9)
  A kobold demonologist (D:9)
  A hornet (D:9)
  Prince Ribbit (D:5)
  3 yaks (D:9)
  A wyvern (D:9)
  3 wraiths
  3 water moccasins (D:6)
  A black bear (D:6)
  5 orc warriors
  2 ice beasts
  4 sky beasts
  2 centaurs
  2 phantoms (D:6)
  4 kobold brigands
  3 bullfrogs
  A gnoll sergeant (D:7)
  4 necrophages
  7 scorpions
  9 wights (D:9)
  3 killer bees (D:9)
  3 howler monkeys
  11 orc priests
  2 hounds (D:6)
  A jelly (D:8)
  A gnoll bouda (D:5)
  5 iguanas
  16 orc wizards
  11 gnolls
  6 adders
  A shadow imp (D:8)
  A white imp (D:7)
  5 worms
  4 dart slugs
  50 orcs
  6 ball pythons
  8 bats
  9 endoplasms
  4 giant cockroaches
  5 goblins
  6 hobgoblins
  3 jackals (D:1)
  6 quokkas
  5 frilled lizards
  19 kobolds
  5 rats
258 creatures vanquished.

Vanquished Creatures (collateral kills)
  The ghost of ripuliukko the Digger, an amateur GrEE (D:3)
  2 gnolls (D:7)
3 creatures vanquished.

Vanquished Creatures (others)
  17 fungi (D:6)
  A plant (D:1)
18 creatures vanquished.

Grand Total: 279 creatures vanquished

Notes
Turn   | Place    | Note
-------+----------+-------------------------------------------
     0 | D:1      | Gabide the Tengu Monk began the quest for the Orb.
     0 | D:1      | Reached XP level 1. HP: 14/14 MP: 2/2
   329 | D:1      | Reached XP level 2. HP: 15/19 MP: 3/3
   658 | D:1      | Found a faded altar of an unknown god.
  1089 | D:2      | Reached skill level 4 in Dodging
  1089 | D:2      | Reached XP level 3. HP: 23/23 MP: 4/4
  1231 | D:2      | Found Keasuiqe's General Store.
  1584 | D:2      | Reached XP level 4. HP: 28/28 MP: 5/5
  1940 | D:2      | Gained mutation: Your magical nature lets you fly swiftly
                  | and evasively. [Tengu growth]
  1940 | D:2      | Reached XP level 5. HP: 32/33 MP: 6/6
  2009 | D:3      | Reached skill level 5 in Dodging
  2516 | D:3      | Noticed ripuliukko's ghost (amateur GrEE)
  2517 | D:3      | Found a runed translucent door.
  2560 | D:3      | Killed ripuliukko's ghost
  2561 | D:3      | Reached XP level 6. HP: 3/38 MP: 7/7
  3050 | D:4      | Reached skill level 6 in Dodging
  3252 | D:4      | Reached skill level 5 in Long Blades
  3297 | D:4      | Reached XP level 7. HP: 13/44 MP: 8/8
  3929 | D:5      | Entered Level 5 of the Dungeon
  4211 | D:5      | Reached skill level 7 in Dodging
  4214 | D:5      | Reached skill level 5 in Fighting
  4342 | D:5      | Found an opulent altar of Gozag.
  4363 | D:5      | Reached XP level 8. HP: 47/49 MP: 9/9
  4767 | D:5      | Noticed Prince Ribbit
  4773 | D:5      | Killed Prince Ribbit
  4774 | D:5      | Reached skill level 8 in Dodging
  5503 | D:5      | Reached skill level 9 in Dodging
  5731 | D:6      | Reached XP level 9. HP: 56/56 MP: 10/10
  5777 | D:6      | Found a staircase to the Ecumenical Temple.
  5878 | Temple   | Entered the Ecumenical Temple
  5929 | Temple   | Became a worshipper of Cheibriados the Contemplative
  5929 | Temple   | Reached * piety under Cheibriados
  5929 | Temple   | Reached ** piety under Cheibriados
  6168 | D:6      | Found a blossoming altar of Fedhas.
  6230 | D:6      | Reached skill level 10 in Dodging
  6328 | D:6      | Identified the +12 whip of the Hundredfold Tales {flame,
                  | rElec Str+5}
  7557 | D:7      | Found a hazy altar of Hepliaklqana.
  7558 | D:7      | Found a shimmering altar of Xom.
  7558 | D:7      | Noticed a caustic shrike
  7559 | D:7      | Noticed a spectral ugly thing
  7559 | D:7      | Noticed a caustic shrike
  7607 | D:7      | Reached *** piety under Cheibriados
  8030 | D:8      | Reached skill level 11 in Dodging
  8152 | D:8      | Reached XP level 10. HP: 63/63 MP: 11/11
  8173 | D:8      | Noticed a two-headed ogre
  8185 | D:8      | Killed a two-headed ogre
  8447 | D:8      | Found a large runed translucent door.
  8447 | D:8      | Found a large runed translucent door.
  9226 | D:8      | Found an iron altar of Okawaru.
  9241 | D:8      | Found a shadowy altar of Dithmenos.
  9274 | D:9      | Reached skill level 12 in Dodging
  9507 | D:9      | Noticed a kobold demonologist
  9517 | D:9      | Killed a kobold demonologist
  9567 | D:9      | Noticed a cyan ugly thing
  9578 | D:9      | Killed a cyan ugly thing
 10169 | D:9      | Noticed an orange crystal statue
 10197 | D:9      | Reached **** piety under Cheibriados
 10403 | D:9      | Reached skill level 13 in Dodging
 10403 | D:9      | Reached XP level 11. HP: 55/69 MP: 12/12
 11132 | D:9      | Killed an orange crystal statue
 11249 | D:10     | Entered Level 10 of the Dungeon
 11258 | D:10     | Got the Tome of the Tesseract and Hypothermia
 11311 | D:10     | Noticed a two-headed ogre
 11322 | D:10     | Killed a two-headed ogre
 11323 | D:10     | Reached skill level 10 in Long Blades
 11430 | D:10     | Noticed a two-headed ogre
 11435 | D:10     | Killed a two-headed ogre
 11599 | D:10     | Found a radiant altar of Vehumet.
 11601 | D:10     | Found a hide-covered altar of Uskayaw.
 11601 | D:10     | Found a glowing golden altar of the Shining One.
 11606 | D:10     | Found a glowing silver altar of Zin.
 11607 | D:10     | Found a white marble altar of Elyvilon.
 11680 | D:10     | Found a staircase to the Orcish Mines.
 11763 | D:10     | Found a staircase to the Lair.
 12165 | Lair:1   | Entered Level 1 of the Lair of Beasts
 12192 | Lair:1   | Noticed a catoblepas
 12209 | Lair:1   | HP: 1/71 [catoblepas/blast of calcifying dust (6)]
 12210 | Lair:1   | Killed from afar by a catoblepas

Illustrated notes

Levels and vault maps discovered:
D:1:      minmay_arrival_jagged, layout_loops_ring,
          shapermc_ecumenical_altar_hornbeckon
D:2:      layout_basic, serial_shops, shop
D:3:      layout_basic, hellmonk_ghost_happy_afterlife, minmay_between
D:4:      layout_cave_pools, minmay_misc_feat_columns, grunt_decor_junction,
          chequers_serial_rivers_large_b
D:5:      layout_basic, grunt_gozag_statues, uniq_prince_ribbit1
D:6:      old_forge, layout_cave_pools, general_overflow_altar,
          minmay_temple_entry_mist
D:7:      layout_cave_pods, regret_index_temple_of_mockery
D:8:      layout_basic, jmf_multi_god_temple2
D:9:      layout_irregular_city, minivault_16
D:10:     layout_loops_cross, grunt_temple_overflow_open, lair_entry_dummy,
          orc_0_dummy
Temple:   nicolae_temple_bog_church
Lair:1:   layout_big_grid, st_stairs_10

Skill      XL: |  1  2  3  4  5  6  7  8  9 10 11 |
---------------+----------------------------------+-----
Dodging        | 4 5 6 7 9 11 13 | 13.9
Long Blades    | 4 5 6 8 9 10 | 10.2
Fighting       | 4 5 6 7 8 9 |  9.4
Stealth        | |  2.0

Action                   |  1- 3 |  4- 6 |  7- 9 | 10-12 || total
-------------------------+-------+-------+-------+-------++-------
Melee: Falchion          |    36 |       |       |       ||    36
       Peck              |    12 |    22 |    46 |    37 ||   117
       Kick              |    10 |    44 |    73 |    72 ||   199
       Dagger            |    30 |    13 |       |     4 ||    47
       Punch             |     1 |       |     5 |     2 ||     8
       Short sword       |       |   118 |   168 |       ||   286
       Whip              |       |       |    86 |   136 ||   222
       Long sword        |       |       |    14 |     3 ||    17
       Great sword       |       |       |       |    44 ||    44
Throw: Boomerang         |       |       |     6 |     4 ||    10
       Dart              |       |       |       |     1 ||     1
Invok: Bend Time         |       |       |       |     1 ||     1
Evoke: Wand              |       |       |     2 |       ||     2
  Use: Scroll            |       |     2 |     9 |    10 ||    21
       Potion            |       |     2 |     1 |     2 ||     5
 Stab: Sleeping          |    12 |     8 |     5 |     2 ||    27
       Distracted        |       |     1 |       |       ||     1
Armor: Robe              |     4 |    12 |    56 |    32 ||   104
Dodge: Dodged            |    31 |    81 |   357 |   310 ||   779
